 Dungeon Crawl Stone Soup version 0.30-a0-743-gbfdf073431 (webtiles) character file.

Game seed: 17559977857179084421

2047 mistaj the Cleaver (level 9, 0/83 HPs)
             Began as a Hill Orc Fighter on Feb 6, 2023.
             Was an Initiate of Okawaru.
             Succumbed to a hornet's poison
             ... on level 7 of the Dungeon.
             The game lasted 00:09:45 (5812 turns).

mistaj the Cleaver (Hill Orc Fighter)               Turns: 5812, Time: 00:09:45

Health: 0/83       AC: 16    Str: 21    XL:     9   Next: 24%
Magic:  9/9        EV:  5    Int: 10    God:    Okawaru [......]
Gold:   387        SH:  5    Dex: 10    Spells: 8/8 levels left

rFire   . . .      SeeInvis .    a - +1 war axe
rCold   + . .      Faith    .    c - +0 buckler
rNeg    . . .      Spirit   .    v - +0 plate armour
rPois   .          Reflect  .    (no helmet)
rElec   .          Harm     .    (no cloak)
rCorr   .          Rampage  .    x - +0 pair of gloves
Will    .....                    (no boots) Stlth
                                 r - amulet of regeneration
HPRegen 1.13/turn                b - +4 ring of protection
MPRegen 0.11/turn                o - ring of protection from cold

@: lethally poisoned (0 -> -9), slowed, very slow
A: no striking features
a: Renounce Religion


You were on level 7 of the Dungeon.
You worshipped Okawaru.
Okawaru was noncommittal.
You visited 2 branches of the dungeon, and saw 8 of its levels.

You collected 387 gold pieces.

Inventory:

Hand Weapons
 a - a +1 war axe (weapon)
 z - a +0 battleaxe
Armour
 c - a +0 buckler (worn)
 v - a +0 plate armour (worn)
 x - a +0 pair of gloves (worn)
Jewellery
 b - a +4 ring of protection (left hand)
 i - an amulet of guardian spirit
 m - a ring of see invisible
 n - a ring of positive energy
 o - a ring of protection from cold (right hand)
 q - a ring of ice
 r - an amulet of regeneration (around neck)
Wands
 u - a wand of flame (4)
 w - a wand of roots (8)
 y - a wand of paralysis (10)
Scrolls
 f - a scroll of enchant weapon
 k - 3 scrolls of teleportation
 A - a scroll of identify
Potions
 d - 4 potions of might
 e - a potion of lignification
 g - 4 potions of curing
 h - 2 potions of attraction
 j - 2 potions of magic
 l - 3 potions of berserk rage {unknown}
 p - 2 potions of mutation {unknown}
 s - 2 potions of haste {unknown}
 t - a potion of brilliance {unknown}


   Skills:
 + Level 9.0 Fighting
 + Level 9.4 Axes
 - Level 3.2 Armour
 + Level 8.2 Shields


You had 8 spell levels left.
You didn't know any spells.
Your spell library contained the following spells:

 Spells                   Type           Power      Damage    Failure   Level
 Cigotuvi's Dreadful Rot  Necr/Pois/Air  0%         N/A       100%        2
 Ensorcelled Hibernation  Hex/Ice        0%         N/A       100%        2
 Passwall                 Tmut/Erth      0%         N/A       100%        2
 Poisonous Vapours        Pois/Air       0%         N/A       100%        2
 Kindle Blastsparks       Fire/Tloc/Air  0%         2d10      100%        3
 Mephitic Cloud           Conj/Pois/Air  0%         N/A       100%        3
 Swiftness                Air            0%         N/A       100%        3
 Fulminant Prism          Conj/Hex       0%         3d5       100%        4
 Iskenderun's Mystic Bla  Conj/Tloc      0%         2d3       100%        4
 Lee's Rapid Deconstruct  Erth           0%         3d4*      100%        5
 Animate Dead             Necr           Unusable   N/A       N/A         4
 Haunt                    Necr/Summ      Unusable   N/A       N/A         7
 Infestation              Necr           Unusable   N/A       N/A         8

Dungeon Overview and Level Annotations

Branches:
Dungeon (7/15)             Temple (1/1) D:7

Altars:
Dithmenos
Elyvilon
Gozag
Okawaru
Ru
Vehumet
Xom
Zin
The Shining One

Shops:
D:4 *[


Message History

You barely miss the hornet.
The hornet is moderately wounded.
You feel very sick. The hornet stings you.
You feel as though you will be slow longer.
The hornet stings you but does no damage.
You miss the hornet.
The hornet is moderately wounded.
You feel very sick.
The hornet barely misses you. x2; The hornet stings you!
* * * LOW HITPOINT WARNING * * *
You feel as though you will be slow longer.
You barely miss the hornet.
The hornet is moderately wounded.
You feel very sick. The hornet stings you.
* * * LOW HITPOINT WARNING * * *
You are more poisoned.
You suddenly lose the ability to move!
The hornet stings you but does no damage.
You hear the quick creaking of a portcullis very nearby.
You feel very sick.
The hornet stings you but does no damage. x2
You can move again.
You miss the hornet.
The hornet is moderately wounded.
You feel very sick. The hornet completely misses you.
The hornet stings you but does no damage.
You closely miss the hornet.
The hornet is moderately wounded.
You feel very sick. The hornet stings you.
* * * LOW HITPOINT WARNING * * *
You are lethally poisoned!
You feel as though you will be slow longer.
You block the hornet's attack.
You hit the hornet.
The hornet is moderately wounded.
You die...

....# ..### # #. ... ..#
#.##.##.# ..# #.##<##.#
..# ###.......## ..#
#..........# ###.
..####.##.......# .....
........#.......##Z.....
............)...@yZ....♣
.>......#...)...##....♣.
..####)##.......# ...♣
<.# #..).......# ##♣ ..#
##########.# ..# #.# ..#
#.# #.# ###


You could see a hornet, a centaur zombie and a howler monkey zombie.

Vanquished Creatures
  A steam dragon (D:7)
  2 black bears
  An orc warrior (D:7)
  4 ogres
  2 bullfrogs (D:6)
  A gnoll sergeant (D:5)
  A necrophage (D:6)
  2 scorpions (D:5)
  7 wights (D:7)
  4 hounds
  A jelly (D:5)
  An orc priest (D:4)
  2 iguanas
  4 orc wizards
  9 adders
  5 gnolls (D:5)
  A white imp (D:5)
  An ufetubus (D:6)
  4 worms
  2 dart slugs (D:2)
  7 orcs
  6 bats
  7 endoplasms
  2 giant cockroaches (D:3)
  11 goblins
  5 hobgoblins
  10 kobolds
  4 quokkas
  7 ball pythons
  7 frilled lizards
  A rat (D:1)
122 creatures vanquished.

Notes
Turn   | Place    | Note
-------+----------+-------------------------------------------
     0 | D:1      | mistaj the Hill Orc Fighter began the quest for the Orb.
     0 | D:1      | Reached XP level 1. HP: 19/19 MP: 1/1
   176 | D:1      | Reached XP level 2. HP: 23/27 MP: 2/2
   797 | D:1      | Reached XP level 3. HP: 33/33 MP: 3/3
  1192 | D:2      | Reached XP level 4. HP: 31/41 MP: 4/4
  2649 | D:4      | Reached XP level 5. HP: 45/47 MP: 5/5
  2790 | D:4      | Noticed a black bear
  2816 | D:4      | Killed a black bear
  2817 | D:4      | Reached skill level 5 in Fighting
  2999 | D:4      | Reached skill level 5 in Axes
  3059 | D:4      | Reached XP level 6. HP: 55/56 MP: 6/6
  3068 | D:4      | Reached skill level 5 in Shields
  3146 | D:4      | Found Zin's Purification Station.
  3239 | D:4      | Found a glowing silver altar of Zin.
  3497 | D:4      | Found Hiaf's Armour Shop.
  3605 | D:5      | Entered Level 5 of the Dungeon
  3619 | D:5      | Reached XP level 7. HP: 50/63 MP: 7/7
  4538 | D:5      | Identified the +0 robe "Plog" {+Inv Str+5 Int-5}
  4570 | D:5      | Reached XP level 8. HP: 54/73 MP: 8/8
  5491 | D:7      | Found a staircase to the Ecumenical Temple.
  5500 | Temple   | Entered the Ecumenical Temple
  5508 | Temple   | Became a worshipper of Warmaster Okawaru
  5598 | D:7      | Reached XP level 9. HP: 70/82 MP: 9/9
  5797 | D:7      | Noticed a hornet
  5800 | D:7      | Paralysed by a hornet for 1 turns
  5808 | D:7      | Paralysed by a hornet for 2 turns
  5812 | D:7      | Succumbed to a hornet's poison

Illustrated notes

Levels and vault maps discovered:
D:1:      minmay_arrival_four_circles, layout_basic, hangedman_decor_push,
          chequers_serial_rivers_micro_e, dreamdust_mushroom_princess
D:2:      layout_basic
D:3:      kennysheep_six_static_rooms, layout_loops_cross,
          uniq_crazy_yiuf_cottage
D:4:      layout_basic, zin_purify, serial_shops, shop
D:5:      layout_loops_ring
D:6:      layout_rooms
D:7:      layout_loops_cross, nicolae_qazlal_style_of_elements,
          nicolae_yredelemnul_corpse_copse, temple_statues, enter_bailey_2,
          grunt_ministairs_6
Temple:   nicolae_temple_two_arcs

Skill      XL: |  1  2  3  4  5  6  7  8  9 |
---------------+----------------------------+-----
Axes           | 3 4 5 7 8 9 |  9.4
Fighting       | 4 5 6 7 8 9 |  9.0
Shields        | 4 5 6 7 8 |  8.2
Armour         | |  3.2

Action                     |  1- 3 |  4- 6 |  7- 9 || total
---------------------------+-------+-------+-------++-------
  Melee: War axe           |    99 |   137 |   196 ||   432
    Use: Scroll            |       |    10 |     3 ||    13
 Armour: Scale mail        |    47 |    77 |    11 ||   135
         Plate armour      |       |       |   125 ||   125
  Dodge: Dodged            |    55 |    69 |    44 ||   168
  Block: Buckler           |    18 |    31 |    54 ||   103

Table legend: (Time is in decaauts)
 A = Elapsed time spent in this place.
 B = Non-inter-level travel time spent in this place.
 C = Inter-level travel time spent in this place.
 D = Time resting spent in this place.
 E = Time spent auto-exploring this place.
 F = Levels seen in this place.
 G = Mean time per level.
                   A        B        C        D        E       F      G
               +--------+--------+--------+--------+--------+-----+--------+
         Total |   5926 |   5649 |    277 |   1262 |   3072 |   8 |  740.8 |
       Dungeon |   5909 |   5639 |    270 |   1262 |   3072 |   7 |  844.1 |
        Temple |     16 |      9 |      7 |      0 |      0 |   1 |   16.0 |
               +--------+--------+--------+--------+--------+-----+--------+

Top non-repeatable levels by time:
     D:5: 1203 daAuts
     D:1: 1067 daAuts
     D:4: 941 daAuts
     D:2: 868 daAuts
     D:3: 805 daAuts
     D:6: 630 daAuts
     D:7: 393 daAuts
  Temple: 16 daAuts
